 Dungeon Crawl Stone Soup version 0.31.0-9-g3a7656b989 (webtiles) character file.

Game seed: 16728495177645156890

42 EnegeticOcto the Ruffian (level 3, 36/36 HPs)
             Began as a Troll Monk on Jan 31, 2024.
             Quit the game on level 2 of the Dungeon.
             The game lasted 00:00:38 (511 turns).

EnegeticOcto the Ruffian (Troll Monk)                Turns: 511, Time: 00:00:39

Health: 36/36      AC:  5    Str: 19    XL:     3   Next: 35%
Magic:  2/2        EV: 10    Int:  6    God:
Gold:   55         SH:  0    Dex: 14    Spells: 2/2 levels left

rFire   . .          .
                       - Unarmed
rCold   . . .        c - orb {light}
rNeg    . . .        a - +0 robe
rPois   .            (helmet restricted)
rElec   .            l - +0 cloak
rCorr   .            (gloves unavailable)
SInv    .            (boots unavailable)
Will    .....        (no amulet)
Stlth   +            (no ring)
HPRegen 1.06/turn    (no ring)
MPRegen 0.08/turn

%: no passive effects
@: glowing
A: large, unfitting armour, claws 3, regeneration 1, shaggy fur 1, tough skin 1
a: no special abilities


You were on level 2 of the Dungeon.
You visited 1 branch of the dungeon, and saw 2 of its levels.

You collected 55 gold pieces.

Inventory:

Armour
 a - a +0 robe (worn)
 c - an orb of light (worn)
 l - a +0 cloak (worn)
   (You found it on level 2 of the Dungeon)
Jewellery
 f - a ring of positive energy
   (You found it on level 1 of the Dungeon)
 j - a ring of magical power
   (You found it on level 1 of the Dungeon)
Scrolls
 e - a scroll of fear {unknown}
 h - a scroll of teleportation {unknown}
 i - a scroll of noise {unknown}
 k - a scroll of identify {unknown}
Potions
 b - a potion of ambrosia
 d - 2 potions of heal wounds {unknown}
 g - 2 potions of curing {unknown}


   Skills:
 + Level 2.7 Fighting
 + Level 2.7 Dodging
 * Level 3.8 Unarmed Combat


You had 2 spell levels left.
You didn't know any spells.
Your spell library was empty.

Dungeon Overview and Level Annotations

Branches:
Dungeon (2/15) Zot: 11492

Altars:

Shops:
D:1 :


Innate Abilities, Weirdness & Mutations

You are too large for most types of armour.
You have claws for hands.
Your natural rate of healing is unusually fast.
You are covered in fur. (AC +1)
You have tough skin. (AC +1)


Message History

There is a stone staircase leading up here.
You scratch the hobgoblin but do no damage.
The hobgoblin is almost dead.
A goblin comes into view. It is wielding a +0 club.
The goblin shoots a sling bullet.
The sling bullet closely misses you.
You claw the hobgoblin!
You kill the hobgoblin!
The ribbon worm expels a string of sticky webbing.
The stream of webbing hits you but does no damage.
You are caught in a web!
The goblin shoots a sling bullet.
The sling bullet hits you.
You are caught in a web!
You are caught in a web!
You are caught in a web!
You are caught in a web!
You are caught in a web!
You are caught in a web!
You are caught in a web!
You are caught in a web!
You are caught in a web!
The ribbon worm bites you!
The goblin unwields a +0 sling.
The goblin wields a +0 dagger.
The goblin hits you but does no damage. The ribbon worm bites you.
You climb upwards.
There is a stone staircase leading down here.
You claw the ribbon worm!
You kill the ribbon worm!
The goblin hits you but does no damage.
You barely miss the goblin. The goblin hits you with a +0 dagger.
You claw the goblin!
You kill the goblin!
No target in view!
No target in view!
No target in view!
No target in view!
No target in view!
No target in view!
No target in view!
No target in view!
HP restored.
Done exploring.
Done exploring.
(D) Dungeon
Where to? (Tab/Enter - D:2, ? - help)
You climb downwards.
The hobgoblin hits you but does no damage.
A goblin comes into view. It is wielding a +0 dagger.
The hobgoblin barely misses you.
There is a stone staircase leading up here.
You scratch the hobgoblin.
The hobgoblin is severely wounded.
The hobgoblin barely misses you. The goblin misses you.
You scratch the hobgoblin.
You kill the hobgoblin!
The goblin closely misses you.
You closely miss the goblin. You scratch the goblin.
The goblin is severely wounded.
The goblin closely misses you.
You claw the goblin!
You kill the goblin!
You claw the goblin!
You kill the goblin!
The goblin hits you with a +0 dagger.
You see here a +0 dagger.
You claw the goblin!
You kill the goblin!
No target in view!
No target in view!
No target in view!
No target in view!
No target in view!
No target in view!
No target in view!
No target in view!
No target in view!
HP restored.
You now have 47 gold pieces (gained 8).
A ball python comes into view.
The ball python hisses angrily.
A ball python is nearby!
You claw the ball python!
You kill the ball python!
No target in view!
No target in view!
No target in view!
No target in view!
No target in view!
No target in view!
No target in view!
Found a murky green potion.
You see here a +0 cloak.
You start putting on your armour.
You continue putting on your +0 cloak. x4
You finish putting on your +0 cloak.
You now have 55 gold pieces (gained 8).
Found a faded altar of an unknown god.
There is a faded altar of an unknown god here.
This altar belongs to (a) Ashenzari, (b) Uskayaw or (c) Zin, but you can't tell which.
Press the corresponding letter to learn more about a god, or press enter to convert or escape to cancel.
Okay, then.
Are you sure you want to abandon this character and quit the game? (Confirm with "yes".)

### ##.#########
#@#.#......##
#.###.##..#..######
###.###...##.......
###..#.#...........
#.......#..........
####..................
.........<.#..........
........)).##.........
.......)....#.......!.


There were no monsters in sight!

Vanquished Creatures
  A ribbon worm (D:1)
  2 endoplasms (D:1)
  2 giant cockroaches (D:1)
  5 hobgoblins
  2 quokkas (D:1)
  A ball python (D:2)
  5 bats (D:1)
  10 goblins
  3 kobolds (D:1)
  4 rats
35 creatures vanquished.

Notes
Turn   | Place    | Note
-------+----------+-------------------------------------------
     0 | D:1      | EnegeticOcto the Troll Monk began the quest for the Orb.
     0 | D:1      | Reached XP level 1. HP: 22/22 MP: 0/0
    65 | D:1      | Reached XP level 2. HP: 29/29 MP: 1/1
   285 | D:1      | Found Estuolou's Book Emporium.
   449 | D:2      | Reached XP level 3. HP: 36/36 MP: 2/2
   509 | D:2      | Found a faded altar of an unknown god.
   511 | D:2      | Quit the game

Illustrated notes

Levels and vault maps discovered:
D:1:      eino_arrival_water_star, layout_rooms, serial_shops, shop_statue,
          wad_floor_pattern_1
D:2:      layout_rooms, serial_shops, shop, shop, nicolae_square_shop,
          chequers_ecumenical_altar_twisty, uniq_robin

Action                     || total
---------------------------++-------
  Melee: Unarmed           ||    69
 Armour: Robe              ||    52
  Dodge: Dodged            ||    44

Table legend:
 A = Kills in this place as a percentage of kills in the entire game.
 B = Kills by you in this place as a percentage of kills by you in the entire game.
 C = Kills by friends in this place as a percentage of kills by friends in the entire game.
 D = Other kills in this place as a percentage of other kills in the entire game.
 E = Experience gained in this place as a percentage of experience gained in the entire game.
 F = Experience gained in this place divided by the number of levels of this place that you have seen.
                   A       B       C       D       E      F
               +-------+-------+-------+-------+-------+----------------------
         Total | 100.0 | 100.0 |   N/A |   N/A | 100.0 |  30.5
       Dungeon | 100.0 | 100.0 |   N/A |   N/A | 100.0 |  30.5
               +-------+-------+-------+-------+-------+----------------------

Table legend: (Time is in decaauts)
 A = Elapsed time spent in this place.
 B = Non-inter-level travel time spent in this place.
 C = Inter-level travel time spent in this place.
 D = Time resting spent in this place.
 E = Time spent auto-exploring this place.
 F = Levels seen in this place.
 G = Mean time per level.
                   A        B        C        D        E       F      G
               +--------+--------+--------+--------+--------+-----+--------+
         Total |    507 |    494 |     13 |      0 |    313 |   2 |  253.5 |
       Dungeon |    507 |    494 |     13 |      0 |    313 |   2 |  253.5 |
               +--------+--------+--------+--------+--------+-----+--------+

Top non-repeatable levels by time:
     D:1: 450 daAuts
     D:2: 57 daAuts
